 Dungeon Crawl Stone Soup version 0.19-a0-1019-g9c6a58d (webtiles) character file.

94 Akrasiac the Conjurer (level 4, -1/30 HPs)
             Began as a Mummy Wizard on July 24, 2016.
             Slain by Natasha (4 damage)
             ... on level 2 of the Dungeon.
             The game lasted 00:04:26 (2784 turns).

Akrasiac the Conjurer (Mummy Wizard)                Turns: 2784, Time: 00:04:27

Health: -1/30      AC:  3    Str: 10    XL:     4   Next: 38%
Magic:  0/8        EV: 12    Int: 18    God:
Gold:   54         SH:  0    Dex: 10    Spells: 3 memorised, 2 levels left

rFire  x . .     SeeInvis .     f - -1 mace (curse)
rCold  + . .     Gourm    .     a - +0 robe
rNeg   + + +     Faith    .     (no shield)
rPois  ∞         Spirit   .     b - +0 hat
rElec  .         Dismiss  .     (no cloak)
rCorr  .         Reflect  .     (no gloves)
SustAt .         Harm     .     j - +0 pair of boots
MR     .....                    (no amulet)
Stlth  ++........               (no ring)
                                (no ring)

@: not resistant to hostile enchantments, unstealthy
A: no food or potions, fire vulnerability, cold resistance 1, negative energy
resistance 3, torment resistance, unbreathing
a: no special abilities


You were on level 2 of the Dungeon.
You were not hungry.

You visited 1 branch of the dungeon, and saw 2 of its levels.

You collected 54 gold pieces.

Inventory:

Hand Weapons
 e - a +0 short sword
 f - a cursed -1 mace (weapon)
Missiles
 h - 12 poisoned needles
Armour
 a - a +0 robe (worn)
 b - a +0 hat (worn)
 j - a +0 pair of boots (worn)
Scrolls
 d - 3 scrolls of remove curse {unknown}
 g - a scroll of immolation {unknown}
 k - 3 scrolls of identify {unknown}
 l - 2 scrolls of fog {unknown}
 m - a scroll of fear {unknown}
Books
 c - a book of Minor Magic

   Spells                             Type                      Level
   a - Magic Dart                     Conjuration                  1
   b - Blink                          Translocation                2
   c - Call Imp                       Summoning                    2
   d - Repel Missiles                 Charms/Air                   2
   e - Slow                           Hexes                        2
   f - Conjure Flame                  Conjuration/Fire             3
   g - Mephitic Cloud                 Conjuration/Poison/Air       3
 i - a book of Debilitation

   Spells                             Type                      Level
   a - Corona                         Hexes                        1
   b - Slow                           Hexes                        2
   c - Gell's Gravitas                Hexes/Translocation          3
   d - Inner Flame                    Hexes/Fire                   3
   e - Cause Fear                     Hexes                        4
   f - Leda's Liquefaction            Hexes/Earth                  4


   Skills:
 + Level 0.2 Maces & Flails
 - Level 1.5 Dodging
 - Level 1.5 Stealth
 - Level 3.0 Spellcasting
 + Level 3.4 Conjurations
   Level 0.7 Summonings
   Level 0.7 Translocations
 + Level 0.2 Fire Magic


You had 2 spell levels left.
You knew the following spells:

 Your Spells              Type           Power        Failure   Level  Hunger
a - Magic Dart            Conj           ##..         4%          1    N/A
b - Mephitic Cloud        Conj/Pois/Air  #.......     34%         3    N/A
c - Conjure Flame         Conj/Fire      #.......     24%         3    N/A

Dungeon Overview and Level Annotations

Branches:
Dungeon (2/15)

Altars:

Annotations:
D:2 Natasha


Innate Abilities, Weirdness & Mutations

You do not eat or drink.
Your flesh is vulnerable to fire.
You are immune to poison.
Your flesh is cold resistant. (rC+)
You are immune to negative energy. (rN+++)
You are immune to unholy pain and torment.
You can survive without breathing.


Message History

You don't have enough magic to cast that spell.
You barely miss Natasha.
Natasha is almost dead.
Natasha claws you!
* * * LOW HITPOINT WARNING * * *
You barely miss Natasha.
Natasha is almost dead.
Natasha claws you.
* * * LOW HITPOINT WARNING * * *
Natasha claws you.
* * * LOW HITPOINT WARNING * * *
Casting: Magic Dart
Confirm with . or Enter, or press ? or * to list all spells.
Aiming: Magic Dart
Press: ? - help, Shift-Dir - straight line, f/p - Natasha
Aim: Natasha (almost dead)
The magic dart hits Natasha.
Natasha is almost dead.
Natasha claws you.
You die...

#.# #.#####.#
#.# #.# #.#
#.# #.# #.#
#.####.#####.#
#......<...#.#
#..###.###.#.#
...###.#
#.#.#####
#....#.#
#.#..5h.#
w......# #.#
#@# ####.###
#!# #.# #.#
###.# #.# ##
#.# #.).# #.#
.# #.# #.###
#.# %# #.# #.#
#.# .# #.# #.#
#.# .# #.# #.#
#.# .###.# #.#
#.#


You could see Natasha and a white imp.

Vanquished Creatures
  Natasha (D:2)
  2 adders (D:2)
  2 worms (D:2)
  2 dart slugs (D:2)
  A giant gecko (D:2)
  4 bats
  5 giant cockroaches
  6 goblins
  4 hobgoblins
  A quokka (D:2)
  A ball python (D:1)
  2 giant newts (D:1)
  7 kobolds
  A rat (D:2)
39 creatures vanquished.

Notes
Turn   | Place    | Note
-------+----------+-------------------------------------------
     0 | D:1      | Akrasiac the Mummy Wizard began the quest for the Orb.
     0 | D:1      | Reached XP level 1. HP: 13/13 MP: 4/4
    40 | D:1      | Reached skill level 1 in Conjurations
   312 | D:1      | Reached XP level 2. HP: 10/19 MP: 0/6
  1406 | D:2      | Reached XP level 3. HP: 12/24 MP: 1/7
  1956 | D:2      | Learned a level 3 spell: Mephitic Cloud
  1960 | D:2      | Learned a level 3 spell: Conjure Flame
  2392 | D:2      | Noticed Natasha
  2402 | D:2      | Killed Natasha
  2402 | D:2      | Reached XP level 4. HP: 9/30 MP: 0/8
  2773 | D:2      | Noticed Natasha
  2784 | D:2      | Slain by Natasha

Vault maps used:
D:1:      elethiomel_arrival_shortcut
D:2:      led_sif_pool, uniq_natasha

Skill      XL: |  1  2  3 |
---------------+----------+-----
Conjurations   | 1 2 3 |  3.4
Maces & Flails | |  0.2
Dodging        | |  1.5
Stealth        | |  1.5
Spellcasting   | |  3.0
Summonings     | |  0.7
Translocations | |  0.7
Fire Magic     | |  0.2

Action                   |  1- 3 |  4- 6 || total
-------------------------+-------+-------++-------
Melee: Mace              |    18 |     2 ||    20
 Cast: Magic Dart        |   107 |    20 ||   127
       Conjure Flame     |     1 |       ||     1
Armor: Robe              |    10 |       ||    10
Dodge: Dodged            |    33 |     8 ||    41
